 Dungeon Crawl Stone Soup version 0.20.1-1-g8b1a95d (webtiles) character file.

2306 tidbits the Martial Artist (level 8, -5/61 HPs)
             Began as a Demigod Transmuter on Aug 20, 2017.
             Slain by Grum
             ... wielding a +0 spear
              (17 damage)
             ... on level 8 of the Dungeon.
             The game lasted 00:34:14 (3784 turns).

tidbits the Martial Artist (Demigod Transmuter)     Turns: 3784, Time: 00:34:14

Health: -5/61      AC:  2    Str: 15    XL:     8   Next: 97%
Magic:  2/14       EV: 21    Int: 21    God:
Gold:   382        SH:  3    Dex: 21    Spells: 0/11 levels left

rFire    . . .     SeeInvis +     - Unarmed
rCold    . . .     Gourm    .   (shield currently unavailable)
rNeg     . . .     Faith    .   (armour currently unavailable)
rPois    x         Spirit   .   (helmet currently unavailable)
rElec    .         Reflect  +   (cloak currently unavailable)
rCorr    .         Harm     .   (gloves currently unavailable)
MR       ++...                  (boots currently unavailable)
Stlth    ++........             j - +3 amulet of reflection
Regen    0.2/turn               H - ring of protection from magic
MPRegen  0.2/turn               I - ring of see invisible

@: spider-form
A: high mp 1, magic resistance 1, strong 1
a: End Transformation


You were on level 8 of the Dungeon.
You were very hungry.
You were a venomous arachnid creature.
You visited 1 branch of the dungeon, and saw 8 of its levels.
You also visited: Sewer.

You collected 382 gold pieces.

Inventory:

Hand Weapons
 t - a +1 dagger of electrocution
   (You took it off a kobold on level 3 of the Dungeon)
Missiles
 a - 92 arrows
 f - 13 tomahawks
 q - 2 javelins (quivered)
Armour
 v - a +0 buckler
 B - a +0 robe (melded)
 C - a scarf of resistance (melded)
   (You found it on level 2 of the Dungeon)
 E - a +1 helmet (melded)
 G - a +0 pair of gloves (melded)
Jewellery
 g - an uncursed amulet of guardian spirit
   (You found it on level 1 of the Dungeon)
 j - a +3 amulet of reflection (around neck)
   (You found it on level 4 of the Dungeon)
 H - a ring of protection from magic (left front leg)
   (You found it on level 8 of the Dungeon)
 I - a ring of see invisible (right front leg)
   (You found it on level 6 of the Dungeon)
 K - an uncursed ring of resist corrosion
   (You found it on level 2 of the Dungeon)
Scrolls
 b - 3 scrolls of recharging
 n - 2 scrolls of immolation
 r - 3 scrolls of remove curse
 w - a scroll of teleportation {unknown}
 x - 2 scrolls of fear {unknown}
 y - a scroll of identify
 A - a scroll of amnesia {unknown}
 D - 2 scrolls of enchant weapon
 F - a scroll of vulnerability {unknown}
Potions
 e - a potion of heal wounds
 i - 3 potions of mutation {!q}
 l - 5 potions of agility
 m - a potion of haste
 o - a potion of lignification {unknown}
 s - 2 potions of might
 u - a potion of brilliance {unknown}
 z - 2 potions of curing
Books
 c - a book of Changes

   Spells                             Type                      Level
   a - Beastly Appendage              Transmutation                1
   b - Sticks to Snakes               Transmutation                2
   c - Spider Form                    Transmutation/Poison         3
   d - Ice Form                       Ice/Transmutation            4
   e - Blade Hands                    Transmutation                5
 J - a book of Misfortune
   (You found it on level 7 of the Dungeon)

   Spells                             Type                      Level
   a - Confusing Touch                Hexes                        1
   b - Confuse                        Hexes                        3
   c - Gell's Gravitas                Translocation                3
   d - Petrify                        Transmutation/Earth          4
   e - Metabolic Englaciation         Hexes/Ice                    5
   f - Yara's Violent Unravelling     Hexes/Transmutation          5
Comestibles
 d - 5 bread rations
 h - 4 fruits
 k - 2 meat rations
 p - a royal jelly


   Skills:
 - Level 2.0 Fighting
 - Level 2.6 Dodging
 + Level 9.7 Unarmed Combat
 - Level 2.4 Spellcasting
 + Level 5.5 Transmutations


You couldn't memorise any spells.
You knew the following spells:

 Your Spells              Type           Power        Failure   Level  Hunger
e - Beastly Appendage     Tmut           ####..       6%          1    None
h - Blade Hands           Tmut           ####......   58%         5    ######.
k - Sticks to Snakes      Tmut           ####....     9%          2    ##.....
p - Spider Form           Tmut/Pois      ##........   32%         3    ###....


Dungeon Overview and Level Annotations

Branches:
Dungeon (8/15)
 Temple: D:4-7         Lair: D:8-11

Shops:
D:6 *

Annotations:
D:8 Grum


Innate Abilities, Weirdness & Mutations

You have an increased reservoir of magic. (+10% MP)
You are resistant to hostile enchantments. (MR+)
Your muscles are strong. (Str +2)


Message History

Your ball python bites the howler monkey.
Your ball python constricts the howler monkey.
You block the howler monkey's attack.
A wolf comes into view.
Casting: Sticks to Snakes
Confirm with . or Enter, or press ? or * to list all spells.
You turn into a venomous arachnid creature.
Your scarf of resistance melds into your body.
Your +1 helmet melds into your body.
Your +0 pair of gloves melds into your body.
Your +0 robe melds into your body.
You feel hot and cold all over.
Your adder bites the howler monkey.
The howler monkey is poisoned.
Your adder poisons the howler monkey!
Your ball python bites the howler monkey.
Your ball python constricts the howler monkey.
The howler monkey barely misses you.
You bite the howler monkey!
You kill the howler monkey!
The wolf misses you.
An orc wizard and Grum come into view.
Casting: Spider Form
Confirm with . or Enter, or press ? or * to list all spells.
You create a snake!
You now have 92 arrows.
You are feeling very hungry.
Your adder withers and dies!
The wolf barely misses you. The wolf completely misses you.
Your adder misses the wolf. The wolf barely misses you.
The wolf bites your ball python.
Your ball python dies!
You barely miss the wolf. The wolf bites you!
Your adder bites the wolf.
The wolf is poisoned.
Your adder poisons the wolf!
The wolf closely misses you. The wolf completely misses you.
Your ball python bites the wolf.
Your ball python grabs the wolf.
Your ball python constricts the wolf.
The wolf closely misses you.
You bite the wolf!
The wolf looks as sick as possible!
The wolf is heavily wounded.
The wolf completely misses you. The wolf bites you!
* * * LOW HITPOINT WARNING * * *
Your adder bites the wolf.
You block the wolf's attack.
Your ball python bites the wolf but does no damage.
Your ball python constricts the wolf.
You hit the wolf but do no damage.
The wolf looks as sick as possible!
The wolf is severely wounded.
The wolf barely misses you. The wolf completely misses you.
The wolf closely misses you.
Your adder bites the wolf.
The wolf dies!
Your adder looks stronger.
The wolf bites you.
* * * LOW HITPOINT WARNING * * *
Your ball python completely misses the wolf.
Your ball python misses the wolf.
You hit the wolf but do no damage.
The wolf is poisoned.
The wolf misses you.
Grum drinks a potion.
Grum seems to speed up.
The wolf closely misses you. The wolf bites you!
* * * LOW HITPOINT WARNING * * *
Your ball python closely misses the wolf.
Your ball python completely misses the wolf.
You feel much better. The wolf closely misses you.
Your adder barely misses the wolf.
The wolf closely misses you.
Your ball python bites the wolf but does no damage.
Your ball python misses the wolf.
The wolf bites you.
Your adder barely misses the wolf.
An orc wizard comes into view. It is wielding a dagger.
You barely miss the wolf. The wolf closely misses you.
The teleport trap disappears.
The orc wizard disappears!
The orc wizard casts a spell at you. The puff of flame hits your adder.
The wolf misses you. The wolf barely misses you.
Your ball python bites the wolf but does no damage.
Your ball python closely misses the wolf.
Grum misses you.
Your adder bites the orc wizard.
The orc wizard is poisoned.
Your adder poisons the orc wizard!
You hit the wolf.
The wolf is lightly wounded.
The wolf barely misses you. The wolf bites you!
* * * LOW HITPOINT WARNING * * *
The orc wizard hits your adder but does no damage.
Grum barely misses you.
Your ball python misses the wolf.
Your ball python barely misses the wolf.
Your adder bites the orc wizard but does no damage.
You bite the wolf!
The wolf looks as sick as possible!
The wolf is heavily wounded.
The wolf misses you. The wolf bites you!
* * * LOW HITPOINT WARNING * * *
Grum hits you from afar with a spear.
* * * LOW HITPOINT WARNING * * *
The orc wizard closely misses your adder.
The wolf misses you.
Your ball python closely misses the wolf.
Your ball python grabs the wolf.
Your ball python constricts the wolf.
The wolf bites you!
* * * LOW HITPOINT WARNING * * *
Your adder bites the orc wizard but does no damage.
Grum closely misses you. The wolf barely misses you.
Your ball python bites the wolf but does no damage.
Your ball python constricts the wolf.
Your adder barely misses the orc wizard.
The orc wizard hits your adder with a dagger.
Grum hits you from afar with a spear!
You die...

.. ...# .......
..# .....#.....###
.
.....§........#..
............##....
...>............/
..........))...#
..........o)†#
..........SSs#
#.......ghh#
#......[...#
#..........#
#..........#
#######..........#
.................#
.####.############
#.#


You could see Grum, 2 wolves, an orc wizard, a friendly adder and a friendly
ball python.

Vanquished Creatures
  Grinder (D:3)
  An orc warrior (D:6)
  3 phantoms
  An ice beast (D:5)
  An ogre (D:6)
  2 centaurs
  2 bullfrogs
  3 howler monkeys
  A bullfrog zombie (D:7)
  A crimson imp (D:8)
  2 quasits
  3 hounds
  A bullfrog skeleton (D:5)
  An orc priest (D:3)
  3 orc wizards
  Terence (D:2)
  Natasha (twice) (D:2)
  An iguana (D:4)
  5 worker ants
  A hound zombie (D:5)
  A worker ant zombie (D:6)
  11 adders
  A shadow imp (D:7)
  2 adder skeletons
  5 worms
  4 dart slugs
  2 leopard geckos
  19 orcs
  A ball python (D:1)
  5 giant cockroaches
  6 goblins
  7 hobgoblins
  11 jackals
  2 quokkas
  A bat (D:2)
  3 frilled lizards
  7 kobolds
  11 rats
135 creatures vanquished.

Vanquished Creatures (collateral kills)
  An ice beast (D:6)
  An ogre (D:4)
  A wolf (D:8)
  A crocodile (Sewer)
  A howler monkey (D:8)
  A centaur zombie (D:8)
  An iguana (D:5)
  A howler monkey zombie (D:5)
  Robin (D:2)
  An adder (D:4)
  An ooze (D:2)
  An adder zombie (D:6)
  A worm (D:2)
  3 orcs
  A bat (D:2)
  3 goblins (D:2)
  A hobgoblin (D:2)
  A frilled lizard (D:1)
  2 kobolds (D:1)
  A rat (D:1)
25 creatures vanquished.

Vanquished Creatures (others)
  An orc wizard (D:8)
1 creature vanquished.

Grand Total: 161 creatures vanquished

Notes
Turn   | Place    | Note
-------+----------+-------------------------------------------
     0 | D:1      | tidbits the Demigod Transmuter began the quest for the Orb.
     0 | D:1      | Reached XP level 1. HP: 15/15 MP: 5/5
    88 | D:1      | Reached skill level 3 in Unarmed Combat
   180 | D:1      | Reached XP level 2. HP: 14/22 MP: 2/7
   192 | D:1      | Learned a level 2 spell: Sticks to Snakes
   366 | D:2      | Found a sparkling altar of Nemelex Xobeh.
   511 | D:2      | Noticed Natasha
   520 | D:2      | Killed Natasha
   520 | D:2      | Reached skill level 4 in Unarmed Combat
   520 | D:2      | Reached XP level 3. HP: 21/27 MP: 1/8
   563 | D:2      | Noticed Robin
   642 | D:2      | Reached skill level 2 in Spellcasting
   659 | D:2      | Killed Robin
   660 | D:2      | Noticed Natasha
   663 | D:2      | Gained mutation: You are resistant to hostile enchantments. (MR+) [potion of mutation]
   663 | D:2      | Gained mutation: Your muscles are strong. (Str +2) [potion of mutation]
   677 | D:1      | Reached XP level 4. HP: 17/34 MP: 5/10
   735 | D:2      | Learned a level 3 spell: Spider Form
   867 | D:2      | Noticed Terence
   893 | D:2      | Killed Terence
   893 | D:2      | Reached skill level 2 in Transmutations
   955 | D:2      | Killed Natasha
  1102 | D:3      | Reached XP level 5. HP: 30/39 MP: 4/11
  1163 | D:4      | Reached skill level 5 in Unarmed Combat
  1269 | D:4      | Noticed an ogre
  1294 | D:4      | HP: 3/39 [poisoned by a worker ant]
  1316 | D:4      | Killed an ogre
  1316 | D:4      | Reached skill level 3 in Transmutations
  1316 | D:4      | Reached XP level 6. HP: 7/46 MP: 2/12
  1731 | D:3      | Noticed Grinder
  1788 | D:3      | Killed Grinder
  1788 | D:3      | Reached skill level 6 in Unarmed Combat
  1875 | D:3      | Reached XP level 7. HP: 42/51 MP: 2/13
  1977 | D:4      | Reached skill level 7 in Unarmed Combat
  2097 | D:5      | Entered Level 5 of the Dungeon
  2184 | D:5      | Found a basalt altar of Yredelemnul.
  2296 | D:5      | Reached skill level 8 in Unarmed Combat
  2430 | D:5      | Reached skill level 1 in Fighting
  2434 | D:5      | Reached skill level 2 in Dodging
  2524 | D:5      | Found a glowing drain.
  2532 | Sewer    | Entered a sewer
  2603 | Sewer    | Reached XP level 8. HP: 54/61 MP: 5/14
  2722 | D:6      | Reached skill level 2 in Fighting
  2746 | D:6      | Found a burning altar of Makhleb.
  2748 | D:6      | Found a white marble altar of Elyvilon.
  2897 | D:4      | Found a hide-covered altar of Uskayaw.
  2900 | D:4      | Noticed a dagger
  2900 | D:4      | Noticed a hand axe
  3159 | D:6      | Reached skill level 9 in Unarmed Combat
  3159 | D:6      | Reached skill level 4 in Transmutations
  3214 | D:6      | Found Zin's Purification Station.
  3217 | D:6      | Found a glowing silver altar of Zin.
  3526 | D:8      | Reached skill level 5 in Transmutations
  3651 | D:7      | Learned a level 5 spell: Blade Hands
  3774 | D:8      | Noticed Grum
  3784 | D:8      | Slain by Grum

Skill      XL: |  1  2  3  4  5  6  7  8 |
---------------+-------------------------+-----
Unarmed Combat | 3 4 5 6 8 9 |  9.7
Spellcasting   | 2 |  2.4
Transmutations | 2 3 5 |  5.5
Fighting       | 1 2 |  2.0
Dodging        | 2 |  2.6

Action                   |  1- 3 |  4- 6 |  7- 9 || total
-------------------------+-------+-------+-------++-------
Melee: Unarmed           |    66 |    90 |   221 ||   377
       Kick              |    13 |     4 |       ||    17
       Punch             |     4 |       |     1 ||     5
Throw: Javelin           |       |    10 |     4 ||    14
       Tomahawk          |       |     2 |       ||     2
 Cast: Beastly Appendage |    18 |     3 |       ||    21
       Sticks to Snakes  |    10 |    15 |    20 ||    45
       Spider Form       |       |    17 |    35 ||    52
 Abil: End Transformatio |       |     1 |       ||     1
  Use: Scroll            |     1 |     6 |     4 ||    11
       Potion            |     2 |     1 |     1 ||     4
 Stab: Sleeping          |     1 |       |       ||     1
       Distracted        |     1 |     4 |     3 ||     8
  Eat: Chunk             |       |     8 |    11 ||    19
Armor: Robe              |    12 |     2 |    24 ||    38
       Skin              |       |     4 |     9 ||    13
Dodge: Dodged            |    31 |    60 |   198 ||   289
Block: Other             |       |     2 |    15 ||    17
       Reflection        |       |       |     1 ||     1

Table legend:
 A = Turns spent in this place as a percentage of turns spent in the entire game.
 B = Non-inter-level travel turns spent in this place as a percentage of non-inter-level travel turns spent in the entire game.
 C = Inter-level travel turns spent in this place as a percentage of turns spent in this place.
 D = Turns resting spent in this place as a percentage of non-inter-level travel turns spent in this place.
 E = Turns spent auto-exploring this place as a percentage of non-inter-level travel turns spent in this place.
 F = Non-inter-level travel turns spent in this place divided by the number of levels of this place that you've seen.
                   A       B       C       D       E      F
               +-------+-------+-------+-------+-------+----------------------
         Total | 100.0 | 100.0 |   0.3 |   0.0 |   0.0 | 382.8
       Dungeon |  97.4 |  97.4 |   0.3 |   0.0 |   0.0 | 419.4
         Sewer |   2.6 |   2.6 |   0.0 |   0.0 |   0.0 |  90.0
               +-------+-------+-------+-------+-------+----------------------

Table legend:
 A = Kills in this place as a percentage of kills in entire the game.
 B = Kills by you in this place as a percentage of kills by you in the entire game.
 C = Kills by friends in this place as a percentage of kills by friends in the entire game.
 D = Other kills in this place as a percentage of other kills in the entire game.
 E = Experience gained in this place as a percentage of experience gained in the entire game.
 F = Experience gained in this place divided by the number of levels of this place that you have seen.
                   A       B       C       D       E      F
               +-------+-------+-------+-------+-------+----------------------
         Total | 100.0 | 100.0 | 100.0 | 100.0 | 100.0 | 366.1
       Dungeon |  96.3 |  96.3 |  96.0 | 100.0 |  96.6 | 398.0
         Sewer |   3.7 |   3.7 |   4.0 |   0.0 |   3.4 | 111.0
               +-------+-------+-------+-------+-------+----------------------

Vault maps used:
D:1:      lemuel_arrival_behind_the_door_large
D:2:      overflow_temple_1_default, nicolae_overflow_crystal_walls,
          roderic_st_hans_cross, uniq_robin, uniq_natasha, uniq_terence
D:3:      cheibrodos_pilgrimage, first_bread, uniq_crazy_yiuf_cottage,
          uniq_grinder
D:4:      dancing_weapons_uskayaw
D:5:      okawaru_altar_gauntlet_db, yredelemnul_altar_generic,
          gup_sewer_entry_bubbles
D:6:      zin_purify, nicolae_overflow_hidden_temple, serial_shops, shop
D:7:      temple_statues
D:8:      kennysheep_little_box, overflow_temple_1_default, special_room,
          uniq_joseph, uniq_grum
Sewer:    sewer_the_crocodile
